 Dungeon Crawl Stone Soup version 0.22-a0-398-g8bb545f (webtiles) character file.

1204 Ijustatesigmund the Skirmisher (level 8, -10/61 HPs)
             Began as an Octopode Artificer on May 5, 2018.
             Mangled by an ice beast (11 damage)
             ... on level 6 of the Dungeon.
             The game lasted 00:10:21 (5062 turns).

Ijustatesigmund the Skirmisher (Octopode Artificer) Turns: 5062, Time: 00:10:22

Health: -10/61     AC:  1    Str: 11    XL:     8   Next: 45%
Magic:  10/10      EV: 14    Int: 14    God:
Gold:   243        SH:  0    Dex: 14    Spells: 7/7 levels left

rFire    . . .     SeeInvis .   a - +0 war axe
rCold    . . .     Gourm    .   (no shield)
rNeg     . . .     Faith    .   (helmet restricted)
rPois    .         Spirit   .   (no amulet)
rElec    .         Reflect  .   (no ring)
rCorr    .         Harm     .   (no ring)
MR       .....                  (no ring)
Stlth    +++.......             (no ring)
HPRegen  0.20/turn              (no ring)
MPRegen  0.12/turn              (no ring)
                                (no ring)
                                (no ring)

@: lethally poisoned (-10 -> -19)
A: almost no armour, stealthy swim, amphibious, 8 rings, constrict 8, camouflage
1, gelatinous body 1
a: no special abilities


You were on level 6 of the Dungeon.
You were not hungry.

You visited 1 branch of the dungeon, and saw 6 of its levels.

You collected 243 gold pieces.

Inventory:

Hand Weapons
 a - a +0 war axe (weapon)
Wands
 b - a wand of flame (68)
 c - a wand of enslavement (13)
 d - a wand of random effects (10)
 l - a wand of paralysis (13)
Scrolls
 e - a scroll of teleportation
 h - 5 scrolls of remove curse
 j - 3 scrolls of enchant armour
 k - 6 scrolls of identify
Potions
 g - a potion of lignification
 i - a potion of brilliance
 m - a potion of agility
 o - 2 potions of flight {unknown}
Comestibles
 f - 5 rations


   Skills:
 - Level 7.9 Fighting
   Level 1.0 Short Blades
 + Level 5.4 Axes
 - Level 2.5 Dodging
 - Level 1.3 Stealth
 - Level 3.2 Evocations


You had 7 spell levels left.
You didn't know any spells.

Dungeon Overview and Level Annotations

Branches:
Dungeon (6/15)
 Temple: D:4-7

Altars:
Qazlal
Ru
Sif Muna
Vehumet
Wu Jian
Xom
Yredelemnul

Annotations:
D:4 Dargar's ghost, amateur GrFi


Innate Abilities, Weirdness & Mutations

You cannot wear most types of armour.
You are very stealthy in the water. (Stealth+)
You are amphibious.
You can wear up to eight rings at the same time.
You can use your tentacles to constrict eight enemies at once.
Your skin changes colour to match your surroundings (Stealth+).
Your rubbery body absorbs attacks. (AC +1, EV +1)


Message History

You closely miss the ice beast. You slash the scorpion! The ice beast hits you.
The ice beast freezes you! The scorpion stings you!
You are poisoned.
The scorpion poisons you!
You barely miss the scorpion. Your grab misses the scorpion.
The scorpion is heavily wounded.
You closely miss the ice beast.
You feel sick. The ice beast misses you.
The scorpion stings you but does no damage.
You barely miss the scorpion. You grab the scorpion.
The scorpion is heavily wounded.
You hit the ice beast. You constrict the scorpion.
You feel sick. The ice beast hits you. The ice beast freezes you!
* * * LOW HITPOINT WARNING * * *
The scorpion stings you!
* * * LOW HITPOINT WARNING * * *
You are lethally poisoned!
The scorpion poisons you! The ice beast hits you.
* * * LOW HITPOINT WARNING * * *
The ice beast freezes you!
You die...

.... ###....
........#. ..#
#......
.............#
#......
.............#
#......
.............#
######.
......#....###
#. ....#......>
#. # #Y.#.......
####.
....#s@#.......
#....
........<.......
#....
.........?......
#....
................
#....
......r.........
#....
................
#....
....#...........
#....
[a..#...........
#.... ..
#......(..##
#####


You could see an ice beast, a scorpion, a worker ant (sleeping) and a quokka
(sleeping).

Vanquished Creatures
  Grinder (D:3)
  Eustachio (D:5)
  An ice beast (D:5)
  An ogre (D:4)
  Blork the orc (D:5)
  A scorpion (D:5)
  2 crimson imps (D:5)
  2 howler monkeys (D:4)
  A hound (D:5)
  A jelly (D:5)
  An orc priest (D:4)
  2 orc wizards
  Natasha (thrice) (D:3)
  Terence (D:2)
  A centaur skeleton (D:6)
  A worker ant (D:5)
  6 adders
  4 oozes
  A worm zombie (D:5)
  2 worms
  2 leopard geckos
  6 orcs
  2 ball pythons
  6 bats
  5 giant cockroaches
  10 hobgoblins
  5 frilled lizards
  A giant cockroach zombie (D:5)
  11 goblins
  A jackal zombie (D:5)
  9 kobolds
  8 rats
100 creatures vanquished.

Vanquished Creatures (collateral kills)
  A hobgoblin (D:1)
  A frilled lizard (D:1)
2 creatures vanquished.

Vanquished Creatures (others)
  A kobold (D:1)
1 creature vanquished.

Grand Total: 103 creatures vanquished

Notes
Turn   | Place    | Note
-------+----------+-------------------------------------------
     0 | D:1      | Ijustatesigmund the Octopode Artificer began the quest for the Orb.
     0 | D:1      | Reached XP level 1. HP: 13/13 MP: 3/3
    27 | D:1      | Reached skill level 2 in Fighting
    27 | D:1      | Reached XP level 2. HP: 13/19 MP: 4/4
   405 | D:1      | Reached XP level 3. HP: 11/25 MP: 5/5
   854 | D:1      | Reached skill level 3 in Fighting
  1148 | D:2      | Found a sacrificial altar of Ru.
  1156 | D:2      | Reached XP level 4. HP: 30/33 MP: 6/6
  1206 | D:2      | Reached skill level 4 in Fighting
  1351 | D:2      | Noticed Terence
  1362 | D:2      | Killed Terence
  1362 | D:2      | Reached XP level 5. HP: 34/38 MP: 7/7
  1828 | D:2      | Found a deep blue altar of Sif Muna.
  1830 | D:2      | Found a shimmering altar of Xom.
  1830 | D:2      | Found a stormy altar of Qazlal.
  1832 | D:2      | Found an ornate altar of the Wu Jian Council.
  1832 | D:2      | Found a shimmering altar of Xom.
  1832 | D:2      | Found a basalt altar of Yredelemnul.
  2033 | D:3      | Noticed Grinder
  2043 | D:3      | Killed Grinder
  2043 | D:3      | Reached skill level 6 in Fighting
  2043 | D:3      | Reached XP level 6. HP: 46/46 MP: 8/8
  2275 | D:3      | Noticed Natasha
  2282 | D:3      | Killed Natasha
  2388 | D:3      | Noticed Natasha
  2397 | D:3      | Killed Natasha
  2426 | D:3      | Noticed Natasha
  2435 | D:3      | Killed Natasha
  2435 | D:3      | Reached XP level 7. HP: 29/53 MP: 9/9
  2765 | D:4      | Found a radiant altar of Vehumet.
  2773 | D:4      | Noticed Dargar's ghost (amateur GrFi)
  2774 | D:4      | Reached skill level 7 in Fighting
  3558 | D:5      | Entered Level 5 of the Dungeon
  3967 | D:5      | Reached XP level 8. HP: 22/61 MP: 10/10
  4233 | D:5      | Noticed Blork the orc
  4247 | D:5      | Killed Blork the orc
  4281 | D:5      | Noticed Eustachio
  4293 | D:5      | Killed Eustachio
  4293 | D:5      | Reached skill level 5 in Axes
  5062 | D:6      | HP: 1/61 [ice beast (4)]
  5062 | D:6      | Mangled by an ice beast

Vault maps used:
D:1:      lightli_molten_gateway, minivault_26
D:2:      nicolae_ru_great_annihilating_truth, first_ration,
          doesnt_xom_only_xom, uniq_terence
D:3:      uniq_grinder, uniq_natasha
D:4:      lemuel_round_altar, minmay_temple_entry_trees, vehumet_altar_wand_db
D:5:      enter_ossuary_3, uniq_eustachio, uniq_blork_the_orc
D:6:      nicolae_gozag_cash_rules_everything_around_me

Skill      XL: |  1  2  3  4  5  6  7  8 |
---------------+-------------------------+-----
Fighting       | 2 3 4 6 7 |  7.9
Axes           | 3 5 |  5.4
Short Blades   | |  1.0
Dodging        | |  2.5
Stealth        | |  1.3
Evocations     | |  3.2

Action                   |  1- 3 |  4- 6 |  7- 9 || total
-------------------------+-------+-------+-------++-------
Melee: Short sword       |     9 |       |       ||     9
       Constrict         |    13 |    26 |    21 ||    60
       Tentacles         |     8 |    23 |    23 ||    54
       Dagger            |    25 |       |       ||    25
       Whip              |    16 |   108 |    45 ||   169
       War axe           |       |       |    62 ||    62
Evoke: Wand              |     2 |     3 |     9 ||    14
  Use: Scroll            |     5 |     4 |     1 ||    10
       Potion            |       |     2 |     5 ||     7
 Stab: Sleeping          |     3 |     7 |     5 ||    15
       Paralysed         |       |     1 |       ||     1
  Eat: Chunk             |       |     5 |       ||     5
       Ration            |       |       |     3 ||     3
Armor: Skin              |     7 |    14 |     8 ||    29
Dodge: Dodged            |    39 |    81 |    72 ||   192

Table legend:
 A = Spawn XP
 B = Non-spawn XP
 C = Spawn XP percentage of total XP
 D = Spawn monster count
 E = Non-spawn monster count
 F = Spawn count percentage of total count
 G = Total turns spent on level
                    A         B        C        D         E        F      G
               +---------+---------+-------+---------+---------+-------+---------
         Total |       0 |    1720 |   0.0 |       0 |     102 |   0.0 |  5062
               +---------+---------+-------+---------+---------+-------+---------
           D:1 |       0 |      45 |   0.0 |       0 |      22 |   0.0 |  1140
           D:2 |       0 |     157 |   0.0 |       0 |      33 |   0.0 |   861
           D:3 |       0 |     420 |   0.0 |       0 |      19 |   0.0 |  1337
           D:4 |       0 |     336 |   0.0 |       0 |      13 |   0.0 |   220
           D:5 |       0 |     726 |   0.0 |       0 |      14 |   0.0 |  1429
           D:6 |       0 |      36 |   0.0 |       0 |       1 |   0.0 |    75
               +---------+---------+-------+---------+---------+-------+---------
